 Dungeon Crawl Stone Soup version 0.23-a0-106-g63f3d0b (webtiles) character file.

133 topirishpotato the Shield-Bearer (level 5, -2/33 HPs)
             Began as a Gargoyle Fighter on Aug 21, 2018.
             Killed from afar by Ijyb (7 damage)
             ... with a wand of flame (13)
             ... on level 3 of the Dungeon.
             The game lasted 00:05:28 (1898 turns).

topirishpotato the Shield-Bearer (Gargoyle Fighter) Turns: 1898, Time: 00:05:29

Health: -2/33      AC: 15    Str: 19 (20) XL:     5   Next: 16%
Magic:  5/5        EV: 10    Int:  8 (9)  God:
Gold:   234        SH:  0    Dex:  6 (9)  Spells: 4/4 levels left

rFire    . . .     SeeInvis .   a - +0 flail
rCold    + + +     Gourm    .   (no shield)
rNeg     + . .     Faith    .   v - +0 ring mail (curse)
rPois    ∞         Spirit   .   e - +0 helmet
rElec    +         Reflect  .   t - +2 cloak
rCorr    +         Harm     .   (no gloves)
MR       .....                  p - +0 pair of boots
Stlth    ..........             (no amulet)
HPRegen  0.11/turn              k - ring of ice
MPRegen  0.09/turn              q - ring of protection from cold

@: resistant, hasted, very quick
A: negative energy resistance 1, electricity resistance, unbreathing,
petrification resistance, rot immunity, AC +4
a: no special abilities


You were on level 3 of the Dungeon.
You were not hungry.

You visited 1 branch of the dungeon, and saw 3 of its levels.

You collected 234 gold pieces.

Inventory:

Hand Weapons
 a - a +0 flail (weapon)
Armour
 e - a +0 helmet (worn)
 p - a +0 pair of boots (worn)
 t - a +2 cloak (worn)
 v - a cursed +0 ring mail (worn)
Jewellery
 k - a ring of ice (left hand)
 q - a ring of protection from cold (right hand)
Wands
 u - a wand of polymorph (10)
Scrolls
 c - a scroll of enchant armour {unknown}
 h - 2 scrolls of enchant weapon {unknown}
 l - a scroll of fear {unknown}
 n - a scroll of teleportation {unknown}
 o - 2 scrolls of remove curse {unknown}
Potions
 d - a potion of might
 j - a potion of degeneration
 m - a potion of curing {unknown}
 s - a potion of brilliance {unknown}
Comestibles
 f - 3 rations
 r - 2 chunks of flesh


   Skills:
 + Level 3.9 Fighting
 * Level 3.9 Maces & Flails
 + Level 3.9 Armour
   Level 4.0 Shields


You had 4 spell levels left.
You didn't know any spells.
Your spell library contained the following spells:

 Spells                   Type           Power        Failure   Level  Hunger
 Confusing Touch          Hex            #.....       58%         1    ##.....
 Confuse                  Hex            #.......     91%         3    ####...
 Gell's Gravitas          Tloc           #.........   91%         3    ####...
 Petrify                  Tmut/Erth      #.......     100%        4    #####..
 Metabolic Englaciation   Hex/Ice        #.........   100%        5    ######.
 Yara's Violent Unravell  Hex/Tmut       #.........   100%        5    ######.


Dungeon Overview and Level Annotations

Branches:
Dungeon (3/15)

Altars:
Nemelex Xobeh
Qazlal

Annotations:
D:3 Ijyb


Innate Abilities, Weirdness & Mutations

You are resistant to torment.
Your stone body is resilient. (AC +4)
You are immune to poison.
You resist negative energy. (rN+)
You are resistant to electric shocks. (rElec)
You can survive without breathing.
You are immune to petrification.
You are immune to rotting.


Message History

You hit Ijyb.
Ijyb is severely wounded.
Ijyb hits you with a dagger.
* * * LOW HITPOINT WARNING * * *
It was a potion of degeneration.
There was something very wrong with that liquid.
You feel weakened.
You feel dopey.
You feel clumsy. Ijyb barely misses you.
It was a potion of resistance.
You feel protected. Ijyb hits you but does no damage.
It was a potion of haste.
You feel yourself speed up. Ijyb completely misses you.
You barely miss Ijyb.
Ijyb is severely wounded.
Ijyb zaps a wand.
The puff of flame misses you.
You barely miss Ijyb.
Ijyb is severely wounded.
Ijyb zaps a wand.
The puff of flame hits you!
You die...

#..##.######
#...........
#..#..#######
##..)..#.....#
####.#####......#
#...## ##...(.#
#.##.## #......#
#.###.###.#...!.#
#.# ##.#.####@###
#.# ##.## #g# #.#
#.# #.#
####.#####.# ...
[..........# ...
############
..... .....
#.....#


You could see Ijyb.

Vanquished Creatures
  5 adders
  2 worms
  2 dart slugs
  3 leopard geckos
  An orc (D:3)
  2 ball pythons
  2 giant cockroaches
  13 hobgoblins
  10 kobolds
  A quokka (D:2)
  5 bats
  6 frilled lizards
  14 goblins
  5 rats
71 creatures vanquished.

Notes
Turn   | Place    | Note
-------+----------+-------------------------------------------
     0 | D:1      | topirishpotato the Gargoyle Fighter began the quest for the Orb.
     0 | D:1      | Reached XP level 1. HP: 14/14 MP: 1/1
   147 | D:1      | Reached XP level 2. HP: 19/19 MP: 2/2
   588 | D:1      | Reached XP level 3. HP: 23/23 MP: 3/3
   782 | D:2      | Reached skill level 4 in Shields
  1098 | D:2      | Reached XP level 4. HP: 29/29 MP: 4/4
  1390 | D:2      | Found a stormy altar of Qazlal.
  1660 | D:3      | Reached XP level 5. HP: 18/33 MP: 5/5
  1818 | D:3      | Found a sparkling altar of Nemelex Xobeh.
  1882 | D:3      | Noticed Ijyb
  1898 | D:3      | Killed from afar by Ijyb

Vault maps used:
D:1:      dpeg_arrival_concentric_ovals
D:2:      nicolae_qazlal_general_emergency, kennysheep_small_spiral
D:3:      overflow_temple_1_default, ebering_ghost_sewer_d,
          portal_sewer_entry_d, uniq_ijyb

Skill      XL: |  1  2  3  4 |
---------------+-------------+-----
Shields        | 4 |  4.0
Maces & Flails | 3 |  3.9
Fighting       | |  3.9
Armour         | |  3.9

Action                   |  1- 3 |  4- 6 || total
-------------------------+-------+-------++-------
Melee: Flail             |   152 |   108 ||   260
  Use: Potion            |       |     3 ||     3
  Eat: Chunk             |       |     4 ||     4
Armor: Scale mail        |    87 |    72 ||   159
       Ring mail         |       |     2 ||     2
Dodge: Dodged            |    45 |    68 ||   113
Block: Shield            |    33 |       ||    33

Table legend:
 A = Non-vault XP
 B = Vault XP
 C = Vault XP percentage of total XP
 D = Non-vault monster count
 E = Vault monster count
 F = Vault count percentage of total count
                 A         B        C        D         E       F
            +---------+---------+-------+---------+---------+-------
      Total |     190 |       0 |   0.0 |      71 |       0 |   0.0
            +---------+---------+-------+---------+---------+-------
        D:1 |      46 |       0 |   0.0 |      28 |       0 |   0.0
        D:2 |      55 |       0 |   0.0 |      24 |       0 |   0.0
        D:3 |      89 |       0 |   0.0 |      19 |       0 |   0.0
            +---------+---------+-------+---------+---------+-------
